 Dungeon Crawl Stone Soup version 0.27-a0-1184-ge86db4a01e (webtiles) character file.

Game seed: 15731673823387366685

134 siradein the Slasher (level 5, -8/45 HPs)
             Began as a Hill Orc Fighter on May 19, 2021.
             Mangled by an ogre
             ... wielding a +0 giant club
              (13 damage)
             ... on level 4 of the Dungeon.
             The game lasted 00:09:00 (2901 turns).

siradein the Slasher (Hill Orc Fighter)             Turns: 2901, Time: 00:09:01

Health: -8/45      AC: 14    Str: 20    XL:     5   Next: 17%
Magic:  5/5        EV:  3    Int:  8    God:
Gold:   117        SH:  9    Dex: 10    Spells: 4/4 levels left

rFire    . . .     SeeInvis .   a - +0 long sword
rCold    . . .     Faith    .   c - +0 kite shield
rNeg     . . .     Spirit   .   i - +0 plate armour
rPois    .         Reflect  .   p - +1 helmet
rElec    .         Harm     .   (no cloak)
rCorr    .         Rampage  .   g - +0 pair of gloves
Will     .....                  (no boots)
Stlth    ..........             (no amulet)
HPRegen  0.15/turn              (no ring)
MPRegen  0.09/turn              (no ring)

@: mighty
A: no striking features
a: no special abilities


You were on level 4 of the Dungeon.
You visited 1 branch of the dungeon, and saw 4 of its levels.

You collected 117 gold pieces.

Inventory:

Hand Weapons
 a - a +0 long sword (weapon)
Armour
 c - a +0 kite shield (worn)
 g - a +0 pair of gloves (worn)
 i - a +0 plate armour (worn)
 p - a +1 helmet (worn)
Jewellery
 n - a ring of magical power
Scrolls
 e - 2 scrolls of teleportation {unknown}
 f - 2 scrolls of magic mapping {unknown}
 m - a scroll of blinking {unknown}
 o - a scroll of amnesia {unknown}
 q - 2 scrolls of fog {unknown}
Potions
 b - a potion of invisibility
 d - 2 potions of might
 h - 2 potions of attraction
 j - a potion of haste {unknown}
 k - a potion of brilliance
 l - a potion of heal wounds {unknown}
 r - a potion of flight {unknown}


   Skills:
 - Level 3.6 Fighting
 + Level 5.7 Long Blades
 - Level 3.2 Armour
 - Level 3.2 Shields


You had 4 spell levels left.
You didn't know any spells.
Your spell library was empty.

Dungeon Overview and Level Annotations

Branches:
Dungeon (4/15)
 Temple: D:4-7

Altars:
Ashenzari

Shops:
D:3 (


Message History

You feel stronger.
Your shield and plate armour prevent you from hitting the bat.
The bat hits you but does no damage. The bat barely misses you.
You riposte.
You miss the bat. You completely miss the bat.
The bat hits you but does no damage. You block the bat's attack.
You hit the bat.
You kill the bat!
No target in view!
No target in view!
No target in view!
You now have 105 gold pieces (gained 11).
Things that are here:
a bat corpse; a bat corpse; a bat corpse You see here a giant cockroach corpse.
You now have 109 gold pieces (gained 4).
q - 2 scrolls labelled JASTAOLUIL (gained 1)
You now have 117 gold pieces (gained 8).
An ogre comes into view. It is wielding a +0 giant club.
The ogre shouts!
An endoplasm comes into view.
There are monsters nearby!
You feel very mighty all of a sudden.
Your plate armour prevents you from hitting the ogre.
The ogre hits you but does no damage.
You slash the ogre!
The ogre is heavily wounded.
The ogre hits you with a +0 giant club!
Your plate armour prevents you from hitting the ogre.
The ogre is heavily wounded.
The ogre hits you with a +0 giant club!
You are too injured to fight recklessly!
You slash the ogre!
The ogre is almost dead.
The ogre hits you with a +0 giant club!
* * * LOW HITPOINT WARNING * * *
Your plate armour prevents you from hitting the ogre.
The ogre is almost dead.
The ogre hits you with a +0 giant club!
You die...

#..##......##...##.###
#..##...######.###..#
#..##...######## ....#
#............# ...##
##.....####### ##.##
####.## #.# #.#
#######.# #.#
##.♣.♣.♣.♣.♣ #@#
#...........
#O#####♣.♣.♣.♣.♣.♣
#J##.##.........
#######.#...#♣.♣.♣.♣.♣
..........O............
#######.#...#♣.♣.♣.♣.♣.♣
#.##.##........J..
#......♣.♣.♣.♣.♣.
...####.........


You could see an ogre and an endoplasm.

Vanquished Creatures
  A vampire bat (D:4)
  Robin (D:3)
  2 adders (D:2)
  2 dart slugs
  2 ball pythons
  5 endoplasms
  4 giant cockroaches
  6 hobgoblins
  6 jackals
  2 quokkas (D:1)
  7 bats (D:4)
  3 frilled lizards
  11 goblins
  4 rats
56 creatures vanquished.

Notes
Turn   | Place    | Note
-------+----------+-------------------------------------------
     0 | D:1      | siradein the Hill Orc Fighter began the quest for the Orb.
     0 | D:1      | Reached XP level 1. HP: 19/19 MP: 1/1
   100 | D:1      | Reached skill level 3 in Long Blades
   100 | D:1      | Reached XP level 2. HP: 25/26 MP: 2/2
   752 | D:1      | Reached XP level 3. HP: 28/31 MP: 3/3
  1152 | D:2      | Reached skill level 4 in Long Blades
  1380 | D:2      | Found a broken altar of Ashenzari.
  1675 | D:2      | Found a faded altar of an unknown god.
  1844 | D:3      | Reached XP level 4. HP: 39/39 MP: 4/4
  1929 | D:3      | Noticed Robin
  1951 | D:3      | Killed Robin
  1966 | D:3      | Reached skill level 5 in Long Blades
  2329 | D:3      | Found Nugiteun's Antique Weapon Shop.
  2811 | D:4      | Reached XP level 5. HP: 45/45 MP: 5/5
  2881 | D:4      | Noticed an ogre
  2901 | D:4      | Mangled by an ogre

Illustrated notes

Levels and vault maps discovered:
D:1:      dpeg_arrival_tiny_i, layout_basic, serial_forest,
          infiniplex_forest_lined_2, infiniplex_forest_lined_corner,
          infiniplex_forest_lined_3, infiniplex_forest_straight_2,
          infiniplex_forest_end_1
D:2:      layout_loops_cross, basic_altar,
          shapermc_ecumenical_altar_mp_ritualfount
D:3:      layout_loops_ring, serial_shops, shop, grunt_decor_fettered,
          uniq_robin
D:4:      layout_loops_corners, minmay_misc_feat_hallway, nrook_mini_vaults,
          kennysheep_crisscross, roderic_batcave, uniq_edmund, uniq_pikel

Skill      XL: |  1  2  3  4 |
---------------+-------------+-----
Long Blades    | 3 4 5 |  5.7
Fighting       | |  3.6
Armour         | |  3.2
Shields        | |  3.2

Action                   |  1- 3 |  4- 6 || total
-------------------------+-------+-------++-------
Melee: Long sword        |   106 |   102 ||   208
  Use: Scroll            |       |     3 ||     3
       Potion            |       |     1 ||     1
Armor: Scale mail        |    28 |       ||    28
       Plate armour      |    43 |   107 ||   150
Dodge: Dodged            |    20 |    25 ||    45
Block: Kite shield       |    63 |    73 ||   136
       Rpst.: Long sword |     7 |    12 ||    19

Table legend: (Time is in decaauts)
 A = Elapsed time spent in this place.
 B = Non-inter-level travel time spent in this place.
 C = Inter-level travel time spent in this place.
 D = Time resting spent in this place.
 E = Time spent auto-exploring this place.
 F = Levels seen in this place.
 G = Mean time per level.
                   A        B        C        D        E       F      G
               +--------+--------+--------+--------+--------+-----+--------+
         Total |   2987 |   2893 |     94 |      0 |   2413 |   4 |  746.8 |
       Dungeon |   2987 |   2893 |     94 |      0 |   2413 |   4 |  746.8 |
               +--------+--------+--------+--------+--------+-----+--------+

Top non-repeatable levels by time:
     D:1: 1055 daAuts
     D:3: 918 daAuts
     D:2: 789 daAuts
     D:4: 224 daAuts
